 Dungeon Crawl Stone Soup version 0.23-a0-480-g1869896531 (webtiles) character file.

379316 Esekla the Spry (level 22, -4/173 HPs)
             Began as a Gnoll Wanderer on Nov 26, 2018.
             Was an Initiate of Gozag.
             Killed from afar by a deep elf elementalist (50 damage)
             ... with a fireball
             ... on level 3 of the Elven Halls on Nov 29, 2018.
             The game lasted 13:37:01 (63312 turns).

Esekla the Spry (Gnoll Wanderer)                   Turns: 63312, Time: 13:37:06

Health: -4/173     AC: 19    Str: 21    XL:     22   Next: 47%
Magic:  0/40       EV: 38    Int: 19    God:    Gozag
Gold:   13327      SH: 29    Dex: 31    Spells: 3/50 levels left

rFire    x . .     SeeInvis +   U - +7 rapier (elec)
rCold    . . .     Gourm    .   u - +8 large shield {reflect}
rNeg     . . .     Faith    .   k - +1 robe "Yfeerrav" {rC- Regen+ Slay+5 Stlth+}
rPois    .         Spirit   +   h - +2 helmet {SInv}
rElec    .         Reflect  +   r - +1 cloak {rC+}
rCorr    .         Harm     .   l - +2 pair of gloves {Dex+3}
MR       +....     Clarity  +   T - +0 pair of boots
Stlth    +++++++++.             c - amulet of Cusaaruocw {Spirit rF- Str+3 Dex+4 Slay+3}
HPRegen  1.78/turn              B - +4 ring of slaying
MPRegen  0.27/turn              y - +4 ring of protection

@: agile, gold aura, regenerating, hasted, studying Dodging, very quick
A: distributed training, fangs 1, talons 1, agile 1, blink, clarity, wild magic
1, strong nose
}: 3/15 runes: barnacled, abyssal, gossamer
a: Blink, Potion Petition, Call Merchant, Bribe Branch, Renounce Religion


You were on level 3 of the Elven Halls.
You worshipped Gozag.
Gozag was extremely pleased with you.
You were not hungry.

You visited 10 branches of the dungeon, and saw 41 of its levels.
You visited the Abyss 2 times.
You visited 1 bazaar.
You also visited: Labyrinth, Bailey and Ice Cave.

You collected 18948 gold pieces.
You spent 4085 gold pieces at shops.
You paid 1536 gold pieces to Gozag.

Inventory:

Hand Weapons
 v - a +3 dagger of venom
 U - a +7 rapier of electrocution (weapon)
Missiles
 d - 42 javelins of penetration
 D - 32 javelins of returning
 Y - 13 tomahawks of returning (quivered)
Armour
 h - a +2 helmet of see invisible (worn)
 k - the +1 robe "Yfeerrav" (worn) {rC- Regen+ Slay+5 Stlth+}
   (You bought it in a shop on level 2 of the Vaults)

   It affects your accuracy and damage with ranged weapons and melee attacks
   (+5).
   It makes you vulnerable to cold.
   It increases your rate of regeneration.
   It makes you more stealthy.
 l - a +2 pair of gloves of dexterity (worn)
 m - the +1 chain mail of the Gusle {rN+ Dex+6}
   (You found it on level 9 of the Dungeon)

   It affects your dexterity (+6).
   It protects you from negative energy.
 r - a +1 cloak of cold resistance (worn)
 u - a +8 large shield of reflection (worn)
 I - +0 fire dragon scales
 N - a +2 leather armour of magic resistance
 S - a scarf of resistance
 T - a +0 pair of boots (worn)
 V - a +2 robe of cold resistance
Jewellery
 b - an uncursed ring of flight
 c - the amulet of Cusaaruocw (around neck) {Spirit rF- Str+3 Dex+4 Slay+3}
   (You bought it in a shop on level 4 of the Dungeon)

   [amulet of guardian spirit]

   It causes incoming damage to be split between your health and magic.
   It affects your strength (+3).
   It affects your dexterity (+4).
   It affects your accuracy and damage with ranged weapons and melee attacks
   (+3).
   It makes you vulnerable to fire.
 g - an uncursed ring of resist corrosion
 n - an uncursed ring of stealth
 y - a +4 ring of protection (right hand)
 B - a +4 ring of slaying (left hand)
 F - an uncursed ring of protection from magic
 O - an uncursed ring of positive energy
 P - an uncursed ring of poison resistance
 Q - an uncursed ring of protection from cold
Wands
 a - a wand of polymorph (36)
 A - a wand of digging (42)
 C - a wand of scattershot (6)
 H - a wand of iceblast (20)
 L - a wand of flame (118)
Scrolls
 e - 4 scrolls of teleportation
 i - 16 scrolls of remove curse
 j - 11 scrolls of identify
 o - 4 scrolls of fear
 w - a scroll of holy word
 E - 8 scrolls of magic mapping
 W - 13 scrolls of fog
Potions
 q - 2 potions of agility
 s - 3 potions of haste
 t - 2 potions of resistance
 x - 5 potions of brilliance
 G - 2 potions of invisibility
 K - 2 potions of cancellation
 M - a potion of flight
 R - a potion of mutation
Books
 z - a manual of Dodging
Miscellaneous
 J - a phantom mirror
 X - a lightning rod (4/4)
Comestibles
 f - 17 rations


   Skills:
 + Level 14.6 Fighting
 + Level 14.6 Short Blades
 + Level 14.4 Long Blades
 + Level 14.4 Axes
 + Level 14.4 Maces & Flails
 + Level 14.4 Polearms
 + Level 14.4 Staves
 + Level 14.4 Slings
 + Level 14.4 Bows
 + Level 14.4 Crossbows
 + Level 14.4 Throwing
 + Level 14.4 Armour
 + Level 19.2 Dodging
 + Level 14.5 Stealth
 + Level 14.6 Shields
 + Level 14.4 Unarmed Combat
 + Level 14.6 Spellcasting
 + Level 12.4 Conjurations
 + Level 12.4 Hexes
 + Level 12.4 Charms
 + Level 12.4 Summonings
 + Level 12.4 Necromancy
 + Level 12.4 Translocations
 + Level 12.9 Transmutations
 + Level 12.4 Fire Magic
 + Level 12.4 Ice Magic
 + Level 12.4 Air Magic
 + Level 12.9 Earth Magic
 + Level 12.4 Poison Magic
 + Level 15.5 Invocations
 + Level 14.4 Evocations


You had 3 spell levels left.
You knew the following spells:

 Your Spells              Type           Power        Failure   Level  Hunger
a - Airstrike             Air            ######....   2%          4    None
b - Blink                 Tloc           N/A          1%          2    None
c - Mephitic Cloud        Conj/Pois/Air  ######..     1%          3    None
d - Dazzling Spray        Conj/Hex       ######       1%          3    None
e - Searing Ray           Conj           ######       1%          2    None
f - Swiftness             Chrm/Air       ######..     1%          2    None
g - Corona                Hex            ######.      1%          1    None
h - Tukima's Dance        Hex            ######..     1%          3    None
i - Static Discharge      Conj/Air       ######..     1%          3    None
j - Confuse               Hex            ######..     1%          3    None
k - Ozocubu's Armour      Chrm/Ice       ######..     1%          3    None
l - Lee's Rapid Deconstr  Erth           ######....   4%          5    ####...
m - Sticky Flame          Conj/Fire      ######..     2%          4    None
n - Apportation           Tloc           ######       1%          1    None
o - Regeneration          Chrm/Necr      ######....   1%          3    None
p - Silence               Hex/Air        ######....   5%          5    ####...

Your spell library contained the following spells:

 Spells                   Type           Power        Failure   Level  Hunger
 Animate Skeleton         Necr           N/A          1%          1    None
 Confusing Touch          Hex            ######       1%          1    None
 Flame Tongue             Conj/Fire      #####        1%          1    None
 Freeze                   Ice            ####         1%          1    None
 Magic Dart               Conj           ####         1%          1    None
 Pain                     Necr           ####         1%          1    None
 Sandblast                Erth           ######       1%          1    None
 Shock                    Conj/Air       ####         1%          1    None
 Summon Small Mammal      Summ           ####         1%          1    None
 Call Imp                 Summ           ######..     1%          2    None
 Corpse Rot               Necr           N/A          1%          2    None
 Ensorcelled Hibernation  Hex/Ice        ######       1%          2    None
 Passwall                 Tmut/Erth      ######..     1%          2    None
 Shroud of Golubria       Chrm/Tloc      ######....   1%          2    None
 Slow                     Hex            ######..     1%          2    None
 Throw Flame              Conj/Fire      ######       1%          2    None
 Throw Frost              Conj/Ice       ######       1%          2    None
 Call Canine Familiar     Summ           ######..     1%          3    None
 Conjure Flame            Conj/Fire      ######..     1%          3    None
 Gell's Gravitas          Tloc           ######....   1%          3    None
 Inner Flame              Hex/Fire       ######..     1%          3    None
 Lesser Beckoning         Tloc           ######....   1%          3    None
 Recall                   Summ/Tloc      N/A          1%          3    None
 Stone Arrow              Conj/Erth      ######       1%          3    None
 Summon Guardian Golem    Hex/Summ       ######..     1%          3    None
 Teleport Other           Tloc           ######..     1%          3    None
 Vampiric Draining        Necr           ######....   1%          3    None
 Petrify                  Tmut/Erth      ######..     1%          4    None
 Animate Dead             Necr           N/A          2%          4    None
 Force Lance              Conj/Tloc      ######..     2%          4    None
 Fulminant Prism          Conj/Hex       ######....   2%          4    None
 Iskenderun's Mystic Bla  Conj           ######..     2%          4    None
 Leda's Liquefaction      Hex/Erth       ######....   2%          4    None
 Passage of Golubria      Tloc           N/A          2%          4    None
 Summon Ice Beast         Ice/Summ       ######..     2%          4    None
 Summon Lightning Spire   Summ/Air       ######..     2%          4    None
 Throw Icicle             Conj/Ice       ######..     2%          4    None
 Yara's Violent Unravell  Hex/Tmut       ######....   4%          5    ####...
 Aura of Abjuration       Summ           ######....   5%          5    ####...
 Fireball                 Conj/Fire      ######....   5%          5    ####...
 Lightning Bolt           Conj/Air       ######....   5%          5    ####...
 Metabolic Englaciation   Hex/Ice        ######....   5%          5    ####...
 Summon Demon             Summ           ######....   5%          5    ####...
 Summon Forest            Summ/Tloc      ######....   5%          5    ####...
 Summon Mana Viper        Hex/Summ       ######..     5%          5    ####...
 Hydra Form               Tmut           ######....   21%         6    #####..
 Conjure Ball Lightning   Conj/Air       ######....   24%         6    #####..
 Deflect Missiles         Chrm/Air       ######....   24%         6    #####..
 Shadow Creatures         Summ           N/A          24%         6    #####..
 Summon Hydra             Summ           ######....   75%         7    #######
 Tornado                  Air            ######....   100%        9    #######


Dungeon Overview and Level Annotations

Branches:
Dungeon (15/15)            Temple (1/1) D:4            Lair (6/6) D:10
 Shoals (4/4) Lair:2       Spider (4/4) Lair:2        Slime (1/5) Lair:5
    Orc (2/2) D:11            Elf (3/3) Orc:2        Vaults (4/5) D:13
  Crypt (0/3) Vaults:3     Depths (1/5) D:15

Altars:
Ashenzari
Cheibriados
Dithmenos
Elyvilon
Fedhas
Gozag
Hepliaklqana
Kikubaaqudgha
Makhleb
Nemelex Xobeh
Okawaru
Qazlal
Ru
Sif Muna
Trog
Uskayaw
Vehumet
Wu Jian
Xom
Yredelemnul
Zin
The Shining One
Beogh
Lugonu

Shops:
D:4 =   D:13 :   D:15 *=   Orc:2 [*(=   Shoals:3 =   Vaults:2 [?   Vaults:3 (


Innate Abilities, Weirdness & Mutations

Your experience applies equally to all skills.
You have very sharp teeth.
Your uncanny sense of smell can sniff out nearby items.
You have sharp toenails.
You are agile. (Dex +2)
You can translocate small distances at will.
You possess an exceptional clarity of mind.
Your spells are a little harder to cast, but a little more powerful.


Message History

You impale the deep elf death mage!!
You kill the deep elf death mage!
The tarantella becomes distracted by the nearby gold, dreaming of imaginary The deep elf high priest is engulfed in noxious fumes.
The deep elf annihilator is empowered by the deep elf high priest's aura!
The deep elf sorcerer is empowered by the deep elf high priest's aura!
The deep elf elementalist is empowered by the deep elf high priest's aura!
The tarantella hisses angrily.
You impale the deep elf high priest!!
Lightning courses through the deep elf high priest!
You kill the deep elf high priest!
The deep elf demonologist seems less confused.
The deep elf annihilator is no longer distracted by gold.
The deep elf master archer shoots an arrow.
You reflect the arrow off your +8 large shield of reflection!
The arrow hits the deep elf master archer!!
The deep elf elementalist casts a spell at you.
The fireball explodes!
The fireball engulfs you! The fire burns you terribly!
You die...
Your body crumbles into a pile of gold.

∆ ##....# ∆ .
#5#e..### ..
###r1.s...##
...####..3ee§e§e.###
.?...#....eeee424..#
........55eeeeee....
.........§§§§§4e§...
.........§e§§§.eee.e
.....3.ee###@###...
....*.e.##..$..##
......###..$$e..###
.....##...........#
..... #...........#
$ #... #...........#
...* #...........#
#.........(.#
#?..........#


You could see a Tzitzimitl, a deep elf master archer, 3 deep elf annihilators, a
deep elf death mage, a blizzard demon, 5 deep elf sorcerers, 2 deep elf
elementalists, 6 deep elf demonologists, a deep elf archer, 2 deep elf knights,
a hellwing, a deep elf mage, a ynoxinul, a chaos spawn, a red devil, a
tarantella, a hell rat and an ufetubus.

Vanquished Creatures
  Arachne (Spider:2)
  A lich (Vaults:3)
  An Ice Fiend (IceCv)
  Asterion (Spider:3)
  3 deep elf blademasters
  3 acid blobs
  An ancient champion (Vaults:3)
  2 sphinxes
  Kirke (D:13)
  Ilsuiw (Shoals:4)
  4 orc warlords
  4 ghost moths
  3 vault wardens
  3 deep elf sorcerers (Elf:3)
  Louise (Spider:1)
  3 emperor scorpions (Spider:4)
  A frost giant (Vaults:4)
  A deep elf elementalist (Elf:3)
  A ghoul (Vaults:4)
  13 ironheart preservers
  The ghost of Damamoz the Markscentaur, a journeyman CeHu of Gozag (Elf:2)
  8 entropy weavers
  5 stone giants
  The ghost of SpeedVeins the Severer, a journeyman MiFi of Makhleb (Orc:1)
  2 very ugly things (Abyss:4)
  4 deep elf demonologists
  A minotaur (Lab)
  5 deep elf annihilators
  3 merfolk javelineers (Shoals:4)
  4 ettins
  5 yaktaur captains
  10 merfolk impalers
  Josephine (D:10)
  4 deep elf death magi
  A deep elf high priest (Elf:3)
  A great orb of eyes (Vaults:4)
  4 fire dragons
  Fannar (D:11)
  2 rakshasas
  8 hydras
  2 vault guards (D:13)
  5 merfolk avatars
  3 ice dragons
  6 death knights
  3 hell hogs (Abyss:4)
  An alligator snapping turtle (Shoals:3)
  10 ogre magi
  31 two-headed ogres
  3 merfolk aquamancers
  6 centaur warriors
  2 tengu warriors
  A queen ant (Lair:2)
  2 deep troll earth magi (Vaults:2)
  A deep troll shaman (Vaults:2)
  5 death yaks
  4 orc high priests
  21 deep elf knights
  Urug (D:10)
  An iron troll (shapeshifter) (Elf:2)
  3 wretched stars (Abyss:4)
  2 skeletal warriors
  A shadow wraith (Abyss:4)
  A hell knight (D:15)
  12 sea snakes
  A spatial maelstrom (Abyss:2)
  An unseen horror (D:14)
  10 deep trolls
  12 deep elf archers
  A glowing orange brain (Vaults:1)
  Pikel (D:5)
  3 wizards
  2 lindwurms
  34 deep elf magi
  3 phantasmal warriors
  11 harpies
  9 ironbrand convokers
  20 orc knights
  17 orb spiders
  8 manticores
  A salamander (shapeshifter) (Vaults:2)
  4 fauns (Shoals:2)
  A worldbinder (Abyss:2)
  39 wolf spiders
  3 orc sorcerers (Orc:2)
  38 ugly things
  4 oklob plants
  5 cyclopes
  A cyclops (shapeshifter) (Vaults:2)
  2 large abominations (Abyss:4)
  4 centaur zombies
  A moth of wrath (Spider:4)
  19 elephants
  An ice statue (IceCv)
  5 black mambas
  9 merfolk sirens
  A torpor snail (Lair:4)
  6 water nymphs
  14 vault sentinels
  3 molten gargoyles (Lair:6)
  11 spiny frogs
  A rime drake (Lair:1)
  11 demonic crawlers
  10 freezing wraiths
  3 anaconda simulacra (IceCv)
  An efreet (D:13)
  An ancient zyme (Abyss:4)
  10 komodo dragons
  A tormentor (Abyss:4)
  3 kobold demonologists
  33 yaktaurs
  5 trolls
  A golden dragon simulacrum (IceCv)
  4 ice devils (IceCv)
  40 jumping spiders
  2 queen bees
  A polar bear (Lair:4)
  4 tengu conjurers
  24 merfolk
  3 meliai (Abyss:4)
  A meliai (shapeshifter) (Vaults:4)
  3 wind drakes
  19 blink frogs
  4 raiju (Abyss:4)
  2 dream sheep (Shoals:2)
  A stone giant simulacrum (Vaults:2)
  10 hippogriffs
  9 hornets
  7 snapping turtles (Shoals:3)
  44 slime creatures
  Sigmund (D:6)
  100 redbacks
  6 wyverns
  2 vampires
  A ynoxinul (Abyss:4)
  7 water elementals
  A hog (D:14)
  26 tarantellas
  3 dire elephant simulacra (IceCv)
  11 wraiths
  3 fire elementals
  A hungry ghost (D:15)
  Eustachio (D:5)
  A hog (shapeshifter) (Vaults:3)
  9 basilisks
  A neqoxec (Abyss:4)
  23 yaks
  4 steam dragons
  4 harpy simulacra (IceCv)
  Menkaure (D:5)
  An iron troll simulacrum (IceCv)
  8 wargs
  Edmund (D:5)
  5 soldier ants (Lair:2)
  A spatial vortex (Abyss:2)
  3 acid dragons
  23 water moccasins
  3 hydra simulacra (IceCv)
  10 porcupines
  64 orc warriors
  3 hell hounds (Lair:6)
  4 phantoms
  3 ice beasts
  2 slaves (D:5)
  A black bear (shapeshifter) (Elf:1)
  5 sky beasts
  2 black bears
  32 ogres
  An ogre (shapeshifter) (Vaults:2)
  An eye of draining (D:12)
  14 wolves
  6 boggarts (Vaults:2)
  24 centaurs
  11 crocodiles
  8 big kobolds
  22 bullfrogs
  3 earth elementals
  2 small abominations (Abyss:4)
  3 scorpions
  34 killer bees
  6 howler monkeys
  5 electric eels
  11 crimson imps
  A quasit (D:8)
  2 draconian simulacra (IceCv)
  A bullfrog zombie (D:13)
  11 hounds
  2 jellies
  5 lava snakes (Lair:6)
  A wyvern simulacrum (D:15)
  Crazy Yiuf (D:5)
  6 bullfrog skeletons
  7 centaur skeletons
  33 orc priests
  3 iguanas
  31 orc wizards
  6 hell rats (Lair:3)
  3 spriggan simulacra (IceCv)
  A troll simulacrum (IceCv)
  20 worker ants
  A polar bear simulacrum (IceCv)
  3 wolf simulacra (IceCv)
  A killer bee zombie (D:10)
  2 centaur simulacra (IceCv)
  A hound zombie (D:11)
  A hound skeleton (D:8)
  A worker ant zombie (D:11)
  12 adders
  3 naga simulacra (IceCv)
  3 ogre simulacra (IceCv)
  12 river rats (Lair:3)
  2 shadow imps
  7 white imps (IceCv)
  9 ufetubi (IceCv)
  2 oozes
  An adder zombie (D:7)
  2 worms (D:3)
  4 dart slugs
  6 leopard geckos
  95 orcs
  2 ball pythons
  6 bats
  5 giant cockroaches
  9 hobgoblins
  25 jackals
  20 kobolds
  9 quokkas
  9 frilled lizards
  7 goblins
  A leopard gecko skeleton (D:4)
  2 quokka skeletons
  14 rats
  3 plants
1752 creatures vanquished.

Vanquished Creatures (others)
  2 merfolk javelineers (Shoals:4)
  2 satyrs (Shoals:4)
  26 dancing weapons
  A shadow wraith (Abyss:4)
  An unseen horror (Vaults:1)
  4 deep elf archers
  2 deep elf magi
  2 orb spiders (Spider:2)
  12 yaktaurs
  A jumping spider (Spider:2)
  A redback (Spider:2)
  A tarantella (Spider:2)
  5 humans
  A water elemental (Elf:2)
  A hell hound (Lair:6)
  2 killer bees (Abyss:4)
  2 orcs (D:14)
  5 demonic plants (Abyss:4)
  13 fungi
  8 plants
  11 starspawn tentacles (Abyss:2)
103 creatures vanquished.

Grand Total: 1855 creatures vanquished

Notes
Turn   | Place    | Note
-------+----------+-------------------------------------------
     0 | D:1      | Esekla the Gnoll Wanderer began the quest for the Orb.
     0 | D:1      | Esekla set off with the following items: a +2 leather
                  | armour, a scroll of teleportation, a +0 club, a ration; and
                  | the following spell memorised: Sandblast; and the following
                  | spells available to memorise: Stone Arrow
     0 | D:1      | Reached XP level 1. HP: 17/17 MP: 4/4
   191 | D:1      | Reached XP level 2. HP: 22/23 MP: 5/5
   576 | D:1      | Reached XP level 3. HP: 28/28 MP: 7/7
   616 | D:2      | Found a faded altar of an unknown god.
   824 | D:2      | Reached skill level 1 in Invocations
  1158 | D:3      | Reached skill level 1 in Long Blades
  1158 | D:3      | Reached skill level 1 in Axes
  1158 | D:3      | Reached skill level 1 in Maces & Flails
  1158 | D:3      | Reached skill level 1 in Polearms
  1158 | D:3      | Reached skill level 1 in Staves
  1158 | D:3      | Reached skill level 1 in Slings
  1158 | D:3      | Reached skill level 1 in Bows
  1158 | D:3      | Reached skill level 1 in Crossbows
  1158 | D:3      | Reached skill level 1 in Throwing
  1158 | D:3      | Reached skill level 1 in Armour
  1158 | D:3      | Reached skill level 1 in Unarmed Combat
  1158 | D:3      | Reached skill level 1 in Evocations
  1158 | D:3      | Reached XP level 4. HP: 17/34 MP: 2/8
  1209 | D:4      | Found Odoodum's Jewellery Boutique.
  1348 | D:3      | Reached skill level 1 in Conjurations
  1348 | D:3      | Reached skill level 1 in Hexes
  1348 | D:3      | Reached skill level 1 in Charms
  1348 | D:3      | Reached skill level 1 in Summonings
  1348 | D:3      | Reached skill level 1 in Necromancy
  1348 | D:3      | Reached skill level 1 in Translocations
  1348 | D:3      | Reached skill level 1 in Fire Magic
  1348 | D:3      | Reached skill level 1 in Ice Magic
  1348 | D:3      | Reached skill level 1 in Air Magic
  1348 | D:3      | Reached skill level 1 in Poison Magic
  1348 | D:3      | Reached XP level 5. HP: 11/40 MP: 9/9
  2234 | D:3      | Reached skill level 3 in Dodging
  2399 | D:4      | Found a staircase to the Ecumenical Temple.
  2421 | Temple   | Entered the Ecumenical Temple
  2516 | D:4      | Reached XP level 6. HP: 41/47 MP: 10/10
  2526 | D:5      | Entered Level 5 of the Dungeon
  2690 | D:4      | Found a snail-covered altar of Cheibriados.
  3389 | D:4      | Reached XP level 7. HP: 38/52 MP: 12/12
  3413 | D:4      | Learned a level 3 spell: Confuse
  4016 | D:5      | Noticed Eustachio
  4081 | D:5      | Found a shimmering altar of Xom.
  4113 | D:5      | Noticed Edmund
  4267 | D:6      | Learned a level 2 spell: Swiftness
  4271 | D:6      | Learned a level 3 spell: Static Discharge
  4276 | D:6      | Learned a level 4 spell: Airstrike
  4591 | D:5      | Found a shadowy altar of Dithmenos.
  4785 | D:5      | Killed Edmund
  4785 | D:5      | Reached XP level 8. HP: 60/60 MP: 11/14
  4851 | D:5      | Found a runed door.
  4855 | D:5      | Noticed Crazy Yiuf
  4865 | D:5      | Killed Crazy Yiuf
  4865 | D:5      | Reached skill level 4 in Dodging
  5225 | D:4      | You fall through a shaft!
  5401 | D:5      | Noticed Pikel
  5427 | D:5      | Noticed Menkaure
  5442 | D:5      | Killed Menkaure
  5864 | D:5      | Killed Eustachio
  5982 | D:5      | Killed Pikel
  5982 | D:5      | Reached skill level 5 in Dodging
  5982 | D:5      | Reached skill level 5 in Transmutations
  5982 | D:5      | Reached skill level 5 in Earth Magic
  5982 | D:5      | Reached XP level 9. HP: 35/66 MP: 9/16
  6123 | D:5      | Reached skill level 5 in Spellcasting
  6188 | D:7      | Found an iron altar of Okawaru.
  6392 | D:7      | Found a sacrificial altar of Ru.
  6394 | D:7      | Found a hazy altar of Hepliaklqana.
  6398 | D:7      | Found a sparkling altar of Nemelex Xobeh.
  6398 | D:7      | Found a radiant altar of Vehumet.
  6400 | D:7      | Found a bloodstained altar of Trog.
  6402 | D:7      | Found a blossoming altar of Fedhas.
  6447 | D:7      | Reached skill level 5 in Fighting
  6447 | D:7      | Reached skill level 5 in Short Blades
  6447 | D:7      | Reached skill level 5 in Shields
  6588 | D:7      | Found a stormy altar of Qazlal.
  6591 | D:7      | Found a glowing silver altar of Zin.
  6682 | D:7      | Reached skill level 5 in Stealth
  6899 | D:7      | Reached skill level 6 in Dodging
  6906 | D:6      | Noticed Sigmund
  6925 | D:6      | Killed Sigmund
  6925 | D:6      | Reached skill level 5 in Invocations
  7213 | D:6      | Found an opulent altar of Gozag.
  7229 | D:6      | Became a worshipper of Gozag Ym Sagoz the Greedy
  7530 | D:7      | Learned a level 2 spell: Searing Ray
  7534 | D:7      | Learned a level 3 spell: Dazzling Spray
  7701 | D:8      | Noticed a two-headed ogre
  7733 | D:8      | Reached XP level 10. HP: 63/74 MP: 15/18
  7754 | D:8      | Killed a two-headed ogre
  7754 | D:8      | Reached skill level 5 in Long Blades
  7754 | D:8      | Reached skill level 5 in Axes
  7754 | D:8      | Reached skill level 5 in Maces & Flails
  7754 | D:8      | Reached skill level 5 in Polearms
  7754 | D:8      | Reached skill level 5 in Staves
  7754 | D:8      | Reached skill level 5 in Slings
  7754 | D:8      | Reached skill level 5 in Bows
  7754 | D:8      | Reached skill level 5 in Crossbows
  7754 | D:8      | Reached skill level 5 in Throwing
  7754 | D:8      | Reached skill level 5 in Armour
  7754 | D:8      | Reached skill level 5 in Unarmed Combat
  7754 | D:8      | Reached skill level 5 in Evocations
  7928 | D:8      | Reached skill level 7 in Dodging
  8133 | D:8      | Found a radiant altar of Vehumet.
  9118 | D:9      | Got an ancient chain mail
  9170 | D:9      | Identified the cursed +1 chain mail of the Gusle {rN+
                  | Dex+6} (You found it on level 9 of the Dungeon)
  9448 | D:9      | Reached XP level 11. HP: 61/81 MP: 15/20
  9628 | D:9      | Reached skill level 8 in Dodging
  9751 | D:4      | Bought a +4 ring of slaying for 1014 gold pieces
  9870 | D:10     | Entered Level 10 of the Dungeon
  9880 | D:10     | Found a staircase to the Lair.
  9880 | D:10     | Noticed a death yak
 10045 | D:10     | Noticed Urug
 10860 | D:10     | Reached skill level 5 in Conjurations
 10860 | D:10     | Reached skill level 5 in Hexes
 10860 | D:10     | Reached skill level 5 in Charms
 10860 | D:10     | Reached skill level 5 in Summonings
 10860 | D:10     | Reached skill level 5 in Necromancy
 10860 | D:10     | Reached skill level 5 in Translocations
 10860 | D:10     | Reached skill level 5 in Fire Magic
 10860 | D:10     | Reached skill level 5 in Ice Magic
 10860 | D:10     | Reached skill level 5 in Air Magic
 10860 | D:10     | Reached skill level 5 in Poison Magic
 10878 | Lair:1   | Entered Level 1 of the Lair of Beasts
 11301 | Lair:1   | Gained mutation: You possess an exceptional clarity of
                  | mind. [potion of mutation]
 11301 | Lair:1   | Gained mutation: You are agile. (Dex +2) [potion of
                  | mutation]
 11301 | Lair:1   | Gained mutation: You can translocate small distances at
                  | will. [potion of mutation]
 11301 | Lair:1   | Gained mutation: You have sharp toenails. [potion of
                  | mutation]
 11516 | Lair:1   | Reached skill level 9 in Dodging
 11588 | Lair:1   | Noticed a four-headed hydra
 11642 | Lair:1   | Noticed a four-headed hydra
 11783 | Lair:1   | Killed a four-headed hydra
 12276 | Lair:2   | Noticed a queen ant
 12304 | Lair:2   | Reached XP level 12. HP: 91/91 MP: 18/23
 12407 | Lair:2   | Killed a queen ant
 12411 | Lair:2   | Found a hole to the Spider Nest.
 14076 | Lair:2   | Reached skill level 10 in Dodging
 14589 | Lair:2   | Found a staircase to the Shoals.
 14850 | Spider:1 | Entered Level 1 of the Spider Nest
 15650 | Lair:1   | Killed a four-headed hydra
 16155 | Lair:1   | Killed a death yak
 16203 | D:10     | Killed Urug
 16203 | D:10     | Reached XP level 13. HP: 91/98 MP: 20/25
 16470 | D:4      | Bought the amulet of Cusaaruocw {Spirit rF- Str+3 Dex+4
                  | Slay+3} for 744 gold pieces
 16601 | D:10     | Learned a level 1 spell: Corona
 16605 | D:10     | Learned a level 3 spell: Tukima's Dance
 16766 | D:10     | Noticed Josephine
 16862 | D:10     | Killed Josephine
 17292 | D:11     | Reached skill level 11 in Dodging
 17321 | D:11     | Found a staircase to the Orcish Mines.
 17669 | D:11     | Noticed Fannar
 17694 | D:11     | Killed Fannar
 18228 | D:12     | Found a burning altar of Makhleb.
 19986 | D:13     | Reached XP level 14. HP: 89/108 MP: 21/27
 20121 | D:13     | Found Faxevupn's Book Boutique.
 20130 | D:13     | Bought a book of Minor Magic for 280 gold pieces
 20133 | D:13     | Learned a level 2 spell: Blink
 20137 | D:13     | Learned a level 3 spell: Mephitic Cloud
 20174 | D:13     | Found a flagged portal.
 20418 | Bailey   | Entered a bailey
 20466 | Bailey   | Reached skill level 12 in Dodging
 21110 | D:13     | Found a gate to the Vaults.
 21506 | D:13     | Got a shimmering glaive
 21515 | D:13     | Identified the cursed +3 glaive "Zymepp" {flame, MR+} (You
                  | found it on level 13 of the Dungeon)
 21932 | D:14     | Noticed Kirke
 22136 | D:13     | Killed Kirke
 22959 | D:14     | Reached skill level 10 in Invocations
 23360 | D:15     | Entered Level 15 of the Dungeon
 23587 | D:15     | Found Muphez's Jewellery Shop.
 23717 | D:15     | Found Fodghy's Assorted Antiques.
 23753 | D:15     | Reached XP level 15. HP: 111/115 MP: 11/28
 23820 | D:15     | Found a flickering gateway to a bazaar.
 23826 | Bazaar   | Entered a bazaar
 23832 | Bazaar   | Found Mopon's Jewellery Emporium.
 23832 | Bazaar   | Found Liel's Magic Scroll Shoppe.
 23845 | Bazaar   | Learned a level 3 spell: Ozocubu's Armour
 23884 | Bazaar   | Bought a scroll of enchant armour for 120 gold pieces
 23884 | Bazaar   | Bought a scroll of enchant armour for 120 gold pieces
 23884 | Bazaar   | Bought a scroll of magic mapping for 56 gold pieces
 23884 | Bazaar   | Bought a scroll of enchant weapon for 120 gold pieces
 23884 | Bazaar   | Bought a scroll of enchant weapon for 120 gold pieces
 23884 | Bazaar   | Bought a scroll of identify for 32 gold pieces
 23884 | Bazaar   | Bought a scroll of blinking for 120 gold pieces
 23994 | D:15     | Bought a scroll labeled HICOUT HOPRIECE for 25 gold pieces
 24035 | D:15     | Reached skill level 10 in Spellcasting
 24350 | D:15     | Found a staircase to the Depths.
 24379 | D:15     | Reached skill level 10 in Fighting
 24379 | D:15     | Reached skill level 10 in Short Blades
 24379 | D:15     | Reached skill level 13 in Dodging
 24379 | D:15     | Reached skill level 10 in Shields
 24570 | D:15     | Reached skill level 10 in Stealth
 26648 | Lair:4   | Found a labyrinth entrance.
 26698 | Lab      | Entered a labyrinth
 27154 | Lair:4   | Reached skill level 10 in Long Blades
 27154 | Lair:4   | Reached skill level 10 in Axes
 27154 | Lair:4   | Reached skill level 10 in Maces & Flails
 27154 | Lair:4   | Reached skill level 10 in Polearms
 27154 | Lair:4   | Reached skill level 10 in Staves
 27154 | Lair:4   | Reached skill level 10 in Slings
 27154 | Lair:4   | Reached skill level 10 in Bows
 27154 | Lair:4   | Reached skill level 10 in Crossbows
 27154 | Lair:4   | Reached skill level 10 in Throwing
 27154 | Lair:4   | Reached skill level 10 in Armour
 27154 | Lair:4   | Reached skill level 10 in Unarmed Combat
 27154 | Lair:4   | Reached skill level 10 in Evocations
 28023 | Lair:5   | Found a staircase to the Slime Pits.
 28605 | Lair:6   | Entered Level 6 of the Lair of Beasts
 28958 | Lair:6   | Found a bloodstained altar of Trog.
 29112 | Lair:6   | Reached XP level 16. HP: 123/124 MP: 27/30
 29427 | Lair:6   | Reached skill level 14 in Dodging
 29500 | Lair:6   | Found a large runed door.
 29501 | Lair:6   | Found a large runed door.
 30599 | D:11     | Upgraded the game from 0.23-a0-461-gff60f6859b to
                  | 0.23-a0-470-g6f7cfd9739
 30601 | Orc:1    | Entered Level 1 of the Orcish Mines
 31110 | Orc:1    | Found a roughly hewn altar of Beogh.
 31222 | Orc:1    | Found a large runed door.
 31222 | Orc:1    | Found a large runed door.
 31223 | Orc:1    | Noticed SpeedVeins's ghost (journeyman MiFi)
 31559 | Orc:1    | Killed SpeedVeins's ghost
 31732 | Orc:2    | Entered Level 2 of the Orcish Mines
 31836 | Orc:2    | Found a roughly hewn altar of Beogh.
 32355 | Orc:2    | Found a staircase to the Elven Halls.
 32929 | Orc:2    | Found a roughly hewn altar of Beogh.
 32932 | Orc:2    | Found Dagiur's Antique Weapon Shoppe.
 33256 | Orc:2    | Found Suintemn's Jewellery Shoppe.
 33278 | Orc:2    | Bought a fine rapier for 189 gold pieces
 33279 | Orc:2    | Identified the +6 rapier of Wudghoos {pierce, Dex+3} (You
                  | bought it in a shop on level 2 of the Orcish Mines)
 33288 | Orc:2    | Found Poalafox's Antique Armour Shoppe.
 33304 | Orc:2    | Found Quryez's General Store.
 33663 | Depths:1 | Entered Level 1 of the Depths
 34402 | Spider:1 | Reached skill level 10 in Transmutations
 34402 | Spider:1 | Reached skill level 10 in Earth Magic
 35468 | Spider:2 | Noticed Louise
 35473 | Spider:2 | Cast into level 3 of the Abyss (Louise)
 35577 | Abyss:4  | Reached XP level 17. HP: 34/131 MP: 3/32
 35592 | Abyss:4  | Got an abyssal rune of Zot
 35672 | Abyss:4  | Noticed a tentacled starspawn
 35868 | Abyss:4  | Noticed an Executioner
 35932 | Abyss:4  | Noticed a tentacled starspawn
 35935 | Abyss:4  | Found a corrupted altar of Lugonu.
 35936 | Abyss:4  | Noticed a tentacled starspawn
 35936 | Abyss:4  | Noticed a tentacled monstrosity
 35949 | Abyss:4  | Noticed a tentacled monstrosity
 36046 | Abyss:4  | Noticed a tentacled starspawn
 36282 | Spider:2 | Escaped the Abyss
 36532 | Spider:2 | Reached skill level 15 in Dodging
 36807 | Spider:1 | Killed Louise
 37606 | Spider:2 | Noticed Arachne
 38312 | Spider:2 | Killed Arachne
 39223 | Spider:4 | Entered Level 4 of the Spider Nest
 39231 | Spider:4 | Learned a level 1 spell: Apportation
 39493 | Spider:4 | Found a frozen archway.
 39512 | IceCv    | Entered an ice cave
 40914 | IceCv    | Noticed an Ice Fiend
 40945 | IceCv    | Killed an Ice Fiend
 41643 | Spider:3 | Noticed Asterion
 41648 | Spider:3 | Reached skill level 10 in Conjurations
 41648 | Spider:3 | Reached skill level 10 in Hexes
 41648 | Spider:3 | Reached skill level 10 in Charms
 41648 | Spider:3 | Reached skill level 10 in Summonings
 41648 | Spider:3 | Reached skill level 10 in Necromancy
 41648 | Spider:3 | Reached skill level 10 in Translocations
 41648 | Spider:3 | Reached skill level 10 in Fire Magic
 41648 | Spider:3 | Reached skill level 10 in Ice Magic
 41648 | Spider:3 | Reached skill level 10 in Air Magic
 41648 | Spider:3 | Reached skill level 10 in Poison Magic
 42129 | Spider:4 | Reached XP level 18. HP: 140/140 MP: 34/34
 43209 | Orc:2    | Bought the ring "Vedwee" {*Corrode rElec SInv Stlth+} for
                  | 262 gold pieces
 43663 | Spider:3 | Killed Asterion
 44476 | Spider:4 | Reached skill level 16 in Dodging
 45339 | Spider:4 | Got a gossamer rune of Zot
 45384 | Spider:4 | Learned a level 5 spell: Lee's Rapid Deconstruction
 45529 | Shoals:1 | Entered Level 1 of the Shoals
 46465 | Shoals:3 | Found Ivoeseap's Jewellery Shop.
 47571 | Shoals:3 | Found Huzu's Antique Armour Emporium.
 47800 | Shoals:4 | Entered Level 4 of the Shoals
 47890 | Shoals:4 | Noticed Ilsuiw
 47951 | Shoals:4 | Killed Ilsuiw
 48627 | Shoals:4 | Reached XP level 19. HP: 147/147 MP: 33/35
 48880 | Shoals:4 | Got a barnacled rune of Zot
 49378 | Shoals:4 | Got a dazzling mace
 49381 | Shoals:4 | Identified the +5 mace "Sesinazo" {crush, rElec rN+ MR+
                  | Int-4} (You found it on level 4 of the Shoals)
 49540 | Shoals:4 | Learned a level 4 spell: Sticky Flame
 49564 | Shoals:4 | Learned a level 3 spell: Regeneration
 49982 | Slime:1  | Entered Level 1 of the Pits of Slime
 51712 | Vaults:1 | Entered Level 1 of the Vaults
 52077 | Vaults:1 | HP: 4/148 [deep elf annihilator/crystal spear (38)]
 52586 | D:13     | Reached skill level 17 in Dodging
 52635 | Vaults:1 | Paralysed by a sphinx for 4 turns
 54098 | Vaults:1 | Reached XP level 20. HP: 156/156 MP: 37/37
 54905 | Vaults:2 | Found Qaeq's Armour Shop.
 55015 | Vaults:2 | Bought a +1 helmet of see invisible for 247 gold pieces
 55015 | Vaults:2 | Bought the +1 robe "Yfeerrav" {rC- Regen+ Slay+5 Stlth+}
                  | for 442 gold pieces
 55412 | Vaults:2 | Found Igekk's Magic Scroll Shop.
 55447 | Vaults:2 | Bought a scroll of enchant weapon for 97 gold pieces
 55447 | Vaults:2 | Bought a scroll of enchant armour for 97 gold pieces
 56107 | Vaults:2 | Paralysed by a sphinx for 6 turns
 56647 | Vaults:3 | Found a staircase to the Crypt.
 56860 | Vaults:3 | Reached skill level 18 in Dodging
 57521 | Vaults:3 | Reached XP level 21. HP: 118/164 MP: 28/38
 58332 | Vaults:3 | Found Pehat's Antique Weapon Emporium.
 59150 | Vaults:4 | Reached skill level 15 in Invocations
 60223 | Elf:1    | Entered Level 1 of the Elven Halls
 60239 | Elf:1    | You fall through a shaft!
 60988 | Elf:1    | Found a deep blue altar of Sif Muna.
 61598 | Elf:2    | Noticed a golden dragon
 61598 | Elf:2    | an iron dragon changed into a golden dragon
 61602 | Elf:2    | a golden dragon changed into an iron dragon
 61716 | Elf:2    | Noticed Damamoz's ghost (journeyman CeHu)
 61717 | Elf:2    | Found a transporter.
 61759 | Elf:2    | Found a transporter.
 61852 | Elf:2    | Reached XP level 22. HP: 172/172 MP: 40/40
 61878 | Elf:2    | Got a citrine-encrusted ring mail
 61902 | Elf:2    | Identified the +1 ring mail of Pathos {Int+2} (You found it
                  | on level 2 of the Elven Halls)
 61929 | Elf:2    | Gained mutation: Your spells are a little harder to cast,
                  | but a little more powerful. [mutagenic glow]
 61953 | Elf:2    | Found a huge runed gate.
 61953 | Elf:2    | Found a huge runed gate.
 61953 | Elf:2    | Found a huge runed gate.
 61954 | Elf:2    | Found a huge runed gate.
 61954 | Elf:2    | Found a huge runed gate.
 62458 | Elf:2    | Reached skill level 19 in Dodging
 62807 | Elf:2    | Killed Damamoz's ghost
 62856 | Elf:2    | Got an iridescent lajatang
 62857 | Elf:2    | Identified the +5 lajatang "Tormentor" {holy, Fragile rElec
                  | MR++ Dex+4} (You found it on level 2 of the Elven Halls)
 62894 | Elf:3    | Entered Level 3 of the Elven Halls
 63081 | Elf:3    | Cast into level 2 of the Abyss (a deep elf demonologist)
 63082 | Abyss:2  | Upgraded the game from 0.23-a0-470-g6f7cfd9739 to
                  | 0.23-a0-480-g1869896531
 63102 | Abyss:2  | Learned a level 5 spell: Silence
 63155 | Abyss:2  | Got a crude dagger
 63156 | Abyss:2  | Identified the +4 dagger "Impbane" {freeze, +Blink} (You
                  | found it on level 2 of the Abyss)
 63221 | Elf:3    | Escaped the Abyss
 63312 | Elf:3    | Killed from afar by a deep elf elementalist

Vault maps used:
D:1:      lemuel_arrival_cross
D:2:      chequers_ecumenical_altar_simple_redux
D:3:      first_ration, kennysheep_generic_room_9
D:4:      kennysheep_slug_shrine, minmay_temple_entry_tees, serial_shops, shop
D:5:      old_standard_altar, grunt_dithmenos_smoke, minmay_manual_macuahuitl,
          uniq_menkaure, uniq_pikel, uniq_edmund, uniq_eustachio,
          uniq_crazy_yiuf_cottage
D:6:      grunt_gozag_breadcrumbs, uniq_sigmund
D:7:      lemuel_round_altar, grunt_temple_overflow_open,
          chequers_temple_overflow_statue_of_worship
D:8:      basic_altar, david_nohive_1
D:9:      minmay_between
D:10:     david_lair_generic, uniq_urug, uniq_josephine
D:11:     orc_0_dummy, nicolae_two_hexagons, minmay_misc_feat_cross, hex_large,
          minmay_misc_feat_enclosed, kennysheep_generic_room_13, uniq_fannar
D:12:     basic_altar
D:13:     hangedman_vaults_entry_quadrant_bands, enter_bailey_8, serial_shops,
          nicolae_shop_competitors_out_of_business
D:14:     small_statue_intersection, uniq_kirke
D:15:     hangedman_depths_entry_civil_slaughter, serial_shops, bzr_entry_safe,
          nicolae_shop_statue_plus, shop, serial_bayou, serial_bayou_lagoon_a,
          serial_bayou_pond_b, serial_bayou_pond_c, serial_bayou_pond_a,
          small_statue_intersection, nicolae_underground_beach
Temple:   corrupted_temple
Lair:2:   elwin_shoals_entry_rooms, spider_nest_entry_web_field,
          wad_woods_antlair, lemuel_fruit_tree, minmay_lair_oklob_chamber,
          lemuel_fruit_fields
Lair:3:   lemuel_ratsnest
Lair:4:   lab_entry_generic, st_stairs_3, grunt_megastairs_2,
          serial_bayou_shore_b, serial_bayou_shore_a
Lair:5:   slime_dummy
Lair:6:   cheibrodos_lair_end_hotspot, lemuel_oklob_altar
Shoals:3: serial_shops, nicolae_shop_behind_doors,
          nicolae_shop_competitors_out_of_business,
          nicolae_shoals_stone_sculpture_thing, nicolae_shoals_seven_spires,
          nicolae_shoals_siren_and_animal_friends
Shoals:4: shoals_end_simple, shoal_ilsuiw
Spider:1: hive_lemuel
Spider:2: uniq_louise, uniq_arachne
Spider:3: spider_trap, uniq_asterion
Spider:4: spider_rune_water, portal_ice_cave_entry_pillars_three
Slime:1:  nicolae_slime_phagocytosis
Orc:1:    ebering_ghost_disaster_area, bh_open_orc_temple
Orc:2:    grunt_orc_cross, basic_altar, nicolae_orc_tapped_out
Elf:1:    hangedman_corner_corridor, nrook_mini_backslash, lemuel_blue_sif_altar
Elf:2:    gammafunk_ghost_arena, kilobyte_mutagenic_chamber
Elf:3:    minmay_elf_hall_hex, minmay_shop_star
Vaults:1: nicolae_vaults_little_squares_4, vaults_standard_mumra_x,
          nicolae_vaults_network_barrier, v_misc_17,
          ontoclasm_vaults_loading_screen, hangedman_vaults_cutoff,
          v_alt_pattern_6, vaults_room_corners, grunt_vaults_diagonal,
          nicolae_vaults_c_with_doors, v_rooms_5,
          nicolae_vaults_little_squares_3, ontoclasm_vaults_decontamination
Vaults:2: v_misc_29, nicolae_vaults_what_the_h, v_rooms_4, v_rooms_6,
          dpeg_vaults_monster_box, nicolae_vaults_circle_grid_a,
          vaults_mumra_lcd, ontoclasm_vaults_chip, nicolae_vaults_quadrants,
          nicolae_vaults_little_ls, vaults_dpeg_ring, vaults_room_pool,
          serial_shops, shop
Vaults:3: minmay_crypt_entry_simple_corners, v_pattern_2, v_rooms_2,
          grunt_vaults_funnel, nicolae_vaults_stairing_the_circle,
          ontoclasm_vaults_hangar, hangedman_vaults_stretched_pinwheel,
          v_misc_23, vaults_room_pools, nicolae_vaults_little_squares_2,
          vaults_room_grunt_arrival_ludios, v_misc_9,
          hangedman_vaults_stretched_pinwheel, nicolae_vaults_little_squares_4,
          nicolae_vaults_gold_heap, serial_shops, shop
Vaults:4: nicolae_vaults_little_squares_1, hangedman_vaults_hat,
          vaults_room_fancy_cross, nicolae_vaults_network_square,
          vaults_room_ringed_pool, nicolae_vaults_little_squares_4,
          special_room_vaults, ontoclasm_vaults_loading_screen
Depths:1: hell_entry, roderic_lattice_octagonal_star, serial_bayou_lagoon_b
Abyss:2:  evilmike_abyss_exit_10, evilmike_abyss_exit_3
Abyss:3:  evilmike_abyss_exit_8
Abyss:4:  grunt_abyss_rune_wretched_hive
Lab:      labyrinth_watery
Bazaar:   bazaar_mystics
Bailey:   bailey_polearm_4, bailey
IceCv:    ice_cave_caverns_02

Skill      XL: |  1  2  3  4  5  6  7  8  9 10 11 12 13 14 15 16 17 18 19 20 21 22 |
---------------+-------------------------------------------------------------------+-----
Invocations    | 1 2 3 4 5 6 7 8 9 10 11 12 13 14 15 | 15.5
Long Blades    | 1 2 3 4 5 6 7 8 9 10 11 12 13 14 | 14.4
Axes           | 1 2 3 4 5 6 7 8 9 10 11 12 13 14 | 14.4
Maces & Flails | 1 2 3 4 5 6 7 8 9 10 11 12 13 14 | 14.4
Polearms       | 1 2 3 4 5 6 7 8 9 10 11 12 13 14 | 14.4
Staves         | 1 2 3 4 5 6 7 8 9 10 11 12 13 14 | 14.4
Slings         | 1 2 3 4 5 6 7 8 9 10 11 12 13 14 | 14.4
Bows           | 1 2 3 4 5 6 7 8 9 10 11 12 13 14 | 14.4
Crossbows      | 1 2 3 4 5 6 7 8 9 10 11 12 13 14 | 14.4
Throwing       | 1 2 3 4 5 6 7 8 9 10 11 12 13 14 | 14.4
Armour         | 1 2 3 4 5 6 7 8 9 10 11 12 13 14 | 14.4
Unarmed Combat | 1 2 3 4 5 6 7 8 9 10 11 12 13 14 | 14.4
Spellcasting   | 3 4 5 6 7 8 9 10 11 12 13 14 | 14.6
Evocations     | 1 2 3 4 5 6 7 8 9 10 11 12 13 14 | 14.4
Conjurations   | 1 2 3 4 5 6 7 8 9 10 11 12 | 12.4
Hexes          | 1 2 3 4 5 6 7 8 9 10 11 12 | 12.4
Charms         | 1 2 3 4 5 6 7 8 9 10 11 12 | 12.4
Summonings     | 1 2 3 4 5 6 7 8 9 10 11 12 | 12.4
Necromancy     | 1 2 3 4 5 6 7 8 9 10 11 12 | 12.4
Translocations | 1 2 3 4 5 6 7 8 9 10 11 12 | 12.4
Fire Magic     | 1 2 3 4 5 6 7 8 9 10 11 12 | 12.4
Ice Magic      | 1 2 3 4 5 6 7 8 9 10 11 12 | 12.4
Air Magic      | 1 2 3 4 5 6 7 8 9 10 11 12 | 12.4
Poison Magic   | 1 2 3 4 5 6 7 8 9 10 11 12 | 12.4
Fighting       | 3 4 5 6 7 8 9 10 11 12 13 14 | 14.6
Short Blades   | 3 4 5 6 7 8 9 10 11 12 13 14 | 14.6
Dodging        | 3 5 6 7 9 10 11 12 13 14 15 16 17 18 19 | 19.2
Shields        | 3 4 5 6 7 8 9 10 11 12 13 14 | 14.6
Transmutations | 4 5 6 7 8 9 10 11 12 | 12.9
Earth Magic    | 4 5 6 7 8 9 10 11 12 | 12.9
Stealth        | 3 4 5 6 7 8 9 10 11 12 13 14 | 14.5

Action                   |  1- 3 |  4- 6 |  7- 9 | 10-12 | 13-15 | 16-18 | 19-21 | 22-24 || total
-------------------------+-------+-------+-------+-------+-------+-------+-------+-------++-------
Melee: Short sword       |   107 |   135 |    62 |       |       |       |       |       ||   304
       Dagger            |     5 |    48 |   369 |   699 |   775 |    62 |       |       ||  1958
       Bite              |     4 |    23 |    55 |   105 |   318 |   363 |   386 |    53 ||  1307
       Long sword        |       |    33 |    12 |    22 |   119 |    39 |    11 |       ||   236
       Punch             |       |     1 |     2 |       |     9 |       |       |       ||    12
       Rapier            |       |       |       |       |   533 |  1704 |  1618 |   216 ||  4071
Throw: Stone             |     8 |    13 |     3 |       |       |       |       |       ||    24
       Tomahawk          |       |       |    13 |    10 |     1 |    17 |    19 |     7 ||    67
       Javelin           |       |       |       |       |    17 |    10 |    18 |       ||    45
 Cast: Sandblast         |     9 |     4 |     2 |       |       |       |       |       ||    15
       Confuse           |       |       |     3 |       |       |       |       |       ||     3
       Dazzling Spray    |       |       |       |    23 |    34 |    40 |    12 |     3 ||   112
       Searing Ray       |       |       |       |    15 |    22 |     1 |     3 |       ||    41
       Airstrike         |       |       |       |     3 |     1 |       |       |       ||     4
       Static Discharge  |       |       |       |     1 |       |       |       |       ||     1
       Swiftness         |       |       |       |     2 |       |       |       |       ||     2
       Corona            |       |       |       |       |     3 |     4 |       |       ||     7
       Blink             |       |       |       |       |     4 |     2 |       |     1 ||     7
       Mephitic Cloud    |       |       |       |       |     5 |    15 |    11 |     3 ||    34
       Sticky Flame      |       |       |       |       |       |       |    23 |       ||    23
       Regeneration      |       |       |       |       |       |       |     8 |     3 ||    11
Invok: Potion Petition   |       |       |       |       |       |     2 |     1 |       ||     3
 Abil: Evoke Flight      |       |       |       |       |       |     3 |       |       ||     3
       Blink             |       |       |       |       |       |     1 |       |       ||     1
Evoke: Wand              |       |       |       |    12 |     1 |     1 |       |       ||    14
  Use: Scroll            |     2 |     4 |    13 |    10 |    19 |    13 |     9 |     5 ||    75
       Potion            |       |     3 |       |    10 |     7 |    24 |    14 |     4 ||    62
 Stab: Sleeping          |     4 |     4 |    10 |    17 |    33 |    46 |    42 |     9 ||   165
       Confused          |       |       |     2 |       |     5 |     9 |     9 |     4 ||    29
       Distracted        |       |       |     2 |     9 |    20 |    38 |    16 |     4 ||    89
       Invisible         |       |       |       |    16 |    24 |    23 |    10 |     1 ||    74
       Held in net/web   |       |       |       |       |       |     1 |       |       ||     1
  Eat: Ration            |     1 |     2 |     4 |     8 |    13 |    18 |    13 |     2 ||    61
Armor: Leather armour    |    50 |    64 |   104 |   221 |   219 |   241 |    54 |       ||   953
       Skin              |       |       |       |       |       |     6 |       |       ||     6
       Robe              |       |       |       |       |       |       |    45 |     5 ||    50
Dodge: Dodged            |    87 |   119 |   218 |   510 |   767 |   875 |   494 |    47 ||  3117
Block: Buckler           |       |       |    16 |   178 |   287 |       |       |       ||   481
       Large shield      |       |       |       |       |   178 |  2237 |  1490 |   189 ||  4094
       Reflection        |       |       |       |       |     1 |    40 |   136 |    16 ||   193
       Rpst.: Long sword |       |    11 |       |     2 |    25 |     6 |     1 |       ||    45

Table legend:
 A = Non-vault XP
 B = Vault XP
 C = Vault XP percentage of total XP
 D = Non-vault monster count
 E = Vault monster count
 F = Vault count percentage of total count
                 A         B        C        D         E       F
            +---------+---------+-------+---------+---------+-------
      Total |  369244 |  279046 |  43.0 |    1198 |     602 |  33.4
            +---------+---------+-------+---------+---------+-------
        D:1 |      35 |       0 |   0.0 |      23 |       0 |   0.0
        D:2 |      37 |       0 |   0.0 |      13 |       0 |   0.0
        D:3 |     249 |       0 |   0.0 |      36 |       0 |   0.0
        D:4 |     254 |       4 |   1.6 |      18 |       1 |   5.3
        D:5 |     670 |    1489 |  69.0 |      26 |       7 |  21.2
        D:6 |     233 |     231 |  49.8 |      15 |       1 |   6.2
        D:7 |     990 |       0 |   0.0 |      24 |       0 |   0.0
        D:8 |    3325 |    1118 |  25.2 |      31 |      14 |  31.1
        D:9 |     992 |      13 |   1.3 |      19 |       2 |   9.5
       D:10 |    2688 |    3540 |  56.8 |      47 |      10 |  17.5
       D:11 |    6693 |    1625 |  19.5 |      58 |       5 |   7.9
       D:12 |    7606 |       0 |   0.0 |      54 |       0 |   0.0
       D:13 |   11347 |   13260 |  53.9 |      30 |      28 |  48.3
       D:14 |   14611 |     210 |   1.4 |      47 |       1 |   2.1
       D:15 |   11176 |    7105 |  38.9 |      26 |      12 |  31.6
     Lair:1 |    7972 |     841 |   9.5 |      29 |       1 |   3.3
     Lair:2 |    5564 |    4359 |  43.9 |      27 |      18 |  40.0
     Lair:3 |    6548 |     373 |   5.4 |      25 |      30 |  54.5
     Lair:4 |    7949 |    1890 |  19.2 |      24 |       9 |  27.3
     Lair:5 |    8136 |       0 |   0.0 |      17 |       0 |   0.0
     Lair:6 |   10437 |   10574 |  50.3 |      28 |      30 |  51.7
   Shoals:1 |    5278 |       0 |   0.0 |      12 |       0 |   0.0
   Shoals:2 |    4960 |       0 |   0.0 |      11 |       0 |   0.0
   Shoals:3 |    5966 |    2834 |  32.2 |      13 |       7 |  35.0
   Shoals:4 |    9713 |   31976 |  76.7 |      19 |      46 |  70.8
   Spider:1 |   30891 |    1696 |   5.2 |      95 |       1 |   1.0
   Spider:2 |   12850 |    2418 |  15.8 |      33 |       1 |   2.9
   Spider:3 |   13401 |    2718 |  16.9 |      34 |       1 |   2.9
   Spider:4 |   17210 |   19871 |  53.6 |      47 |      39 |  45.3
    Slime:1 |    2694 |     801 |  22.9 |       2 |       2 |  50.0
      Orc:1 |    1178 |    2204 |  65.2 |      24 |       2 |   7.7
      Orc:2 |    4697 |    7702 |  62.1 |      20 |      38 |  65.5
      Elf:1 |   13834 |    3950 |  22.2 |      22 |       6 |  21.4
      Elf:2 |    7919 |   29300 |  78.7 |      10 |      37 |  78.7
      Elf:3 |    2037 |   19868 |  90.7 |       3 |      14 |  82.4
   Vaults:1 |   20353 |   19090 |  48.4 |      37 |      36 |  49.3
   Vaults:2 |   17209 |   27380 |  61.4 |      28 |      43 |  60.6
   Vaults:3 |   40760 |   23145 |  36.2 |      70 |      32 |  31.4
   Vaults:4 |   41209 |   17391 |  29.7 |      79 |      38 |  32.5
   Depths:1 |     562 |       0 |   0.0 |       1 |       0 |   0.0
    Abyss:2 |    1301 |       0 |   0.0 |       2 |       0 |   0.0
    Abyss:3 |     228 |       0 |   0.0 |       1 |       0 |   0.0
    Abyss:4 |    7482 |    5723 |  43.3 |      18 |      12 |  40.0
        Lab |       0 |    1231 | 100.0 |       0 |       1 | 100.0
     Bailey |       0 |    3265 | 100.0 |       0 |      18 | 100.0
      IceCv |       0 |    9851 | 100.0 |       0 |      59 | 100.0
            +---------+---------+-------+---------+---------+-------
